AoeStats
← Hsgdup!!!!

Nomad

509392344Analyzed
4v4 RM · 6d ago on Sep 26, 2026· 50m 37s· 8 players
Game mode
Random Map
Map size
231×231
Population
200
Speed
Normal
Resources
Standard
Victory
Conquest
Starting age
Dark Age
Ending age
Imperial Age
RankedLock teamsTeams togetherTeam positionsShared explorationLock speedFull tech treeHidden civsTurbo modeCheats
Victory
Defeat
🇹🇼 Spanish · Taiwan
1256
+14
🇹🇼 Armenians · Taiwan
1231
+15
🇹🇼 Persians · Taiwan
1173
+17
🇹🇼 Varangians · Taiwan
1052
+23
🇦🇷 Spanish · Argentina
1278
-20
🇦🇷 Persians · Argentina
1219
-18
🇦🇷 Vietnamese · Argentina
1165
-16
🇦🇷 Byzantines · Argentina
1155
-15
pokemonmastersoji
11:48 Loom
16:35 Feudal Age
20:36 Castle Age
Ta.ToM
12:09 Loom
14:20 Feudal Age
15:26 Double-Bit Axe
18:15 Castle Age
17:05 Gold Mining
19:00 Medium Warships
19:45 Bow Saw
19:20 Horse Collar
19:52 Town Watch
23:33 Wheelbarrow
24:59 Clinker Construction
27:18 Fletching
36:17 Imperial Age
34:26 Hand Cart
34:20 Bodkin Arrow
37:31 Scale Barding Armor
38:47 Chain Barding Armor
38:17 Cavalier
39:07 Bloodlines
38:58 Husbandry
39:13 Forging
39:51 Heavy Plow
40:58 Two-Man Saw
41:31 Gold Shaft Mining
40:37 Savar
41:58 Plate Barding Armor
42:54 Iron Casting
42:43 Conscription
46:29 Blast Furnace
45:54 Elite War Elephant
梨子假蘋果
12:29 Loom
14:41 Feudal Age
19:49 Castle Age
17:58 Double-Bit Axe
18:54 Stone Mining
21:28 Husbandry
22:22 Bow Saw
22:06 Horse Collar
28:04 Padded Archer Armor
28:17 Bloodlines
31:21 Wheelbarrow
30:48 Heavy Plow
32:21 Hand Cart
39:11 Imperial Age
38:43 Leather Archer Armor
38:47 Town Watch
38:53 Town Watch
39:29 Elite Conquistador
40:30 Conscription
42:21 Ring Archer Armor
43:18 Chemistry
42:48 Ballistics
43:01 Town Patrol
50:23 Gold Mining
柔軟的白倉鼠
4:49 Loom
14:56 Feudal Age
17:26 Wheelbarrow
20:12 Horse Collar
27:55 Castle Age
26:54 Forging
26:45 Scale Mail Armor
27:24 Scale Mail Armor
28:04 Double-Bit Axe
28:12 Gold Mining
27:53 Man-at-Arms
28:56 Gambesons
29:12 Squires
29:01 Arson
29:41 Chain Mail Armor
29:00 Long Swordsman
30:06 Two-Handed Swordsman
33:30 Champion
37:38 Iron Casting
43:03 Imperial Age
41:50 Bow Saw
42:59 Hand Cart
43:27 Gold Shaft Mining
42:45 Stone Mining
45:51 Blast Furnace
45:22 Plate Mail Armor
44:57 Pikeman
46:55 Capped Ram
47:47 Halberdier
48:54 Fereters
48:53 Herbal Medicine
49:16 Heavy Plow
49:04 Siege Ram
Zool
6:41 Loom
15:47 Feudal Age
17:28 Fishing Lines
23:59 Castle Age
23:12 Double-Bit Axe
24:11 Crossbowman
24:58 Thumb Ring
25:10 Fletching
25:21 Padded Archer Armor
30:33 Stone Mining
30:41 Bodkin Arrow
31:02 Leather Archer Armor
32:45 Stone Shaft Mining
acaniglia
6:49 Loom
13:29 Feudal Age
17:20 Castle Age
19:25 Forging
19:23 Scale Barding Armor
21:05 Horse Collar
25:56 Heavy Plow
25:50 Double-Bit Axe
28:10 Bloodlines
30:32 Chain Barding Armor
30:51 Iron Casting
29:37 Elite Skirmisher
31:06 Gold Mining
37:25 Imperial Age
37:19 Cavalier
39:35 Blast Furnace
41:04 Savar
46:29 Heavy Camel Rider
Hsgdup!!!!
10:25 Loom
15:25 Feudal Age
16:00 Gold Mining
18:41 Wheelbarrow
18:27 Double-Bit Axe
31:11 Castle Age
31:06 Stone Mining
31:37 Fletching
33:47 Elite Skirmisher
33:51 Crossbowman
38:59 Bodkin Arrow
39:36 Padded Archer Armor
46:06 Imperial Age
43:46 Thumb Ring
44:44 Gold Shaft Mining
46:17 Bow Saw
45:50 Horse Collar
47:13 Arbalester
49:11 Bracer
Pryzma
13:39 Feudal Age
12:22 Loom
17:36 Castle Age
36:05 Horse Collar
Connection lost

Rejoining the realm…

Still unreachable

The connection could not be restored.

Session expired

The server has moved on; the page needs a fresh start.